 Dungeon Crawl Stone Soup version 0.22-a0-322-g60b3cfd (webtiles) character file.

2015 Kairos the Poker (level 9, -9/67 HPs)
             Began as a Human Fighter on Apr 3, 2018.
             Was an Initiate of Okawaru.
             Mangled by a two-headed ogre
             ... wielding a +0 giant club
              (18 damage)
             ... on level 7 of the Dungeon.
             The game lasted 00:13:03 (6802 turns).

Kairos the Poker (Human Fighter)                    Turns: 6802, Time: 00:13:04

Health: -9/67      AC:  5    Str: 26    XL:     9   Next: 46%
Magic:  9/9        EV: 12    Int:  8    God:    Okawaru [......]
Gold:   468        SH: 15    Dex: 16    Spells: 8/8 levels left

rFire    . . .     SeeInvis .   q - +3 spear (vamp)
rCold    . . .     Gourm    .   c - +4 shield
rNeg     . . .     Faith    .   y - +0 leather armour "Raasier" {-Cast rPois Regen+} (curse)
rPois    +         Spirit   .   (no helmet)
rElec    .         Reflect  .   l - +0 cloak
rCorr    .         Harm     .   (no gloves)
MR       .....     NoCast   +   (no boots)
Stlth    ++........             (no amulet)
HPRegen  0.61/turn              G - +4 ring of strength
MPRegen  0.11/turn              p - +5 ring of strength

@: no status effects
A: no striking features
a: Renounce Religion


You were on level 7 of the Dungeon.
You worshipped Okawaru.
Okawaru was noncommittal.
You were hungry.

You visited 2 branches of the dungeon, and saw 9 of its levels.

You collected 468 gold pieces.

Inventory:

Hand Weapons
 a - a +0 war axe
 q - a +3 vampiric spear (weapon)
Armour
 b - a +0 scale mail
 c - a +4 shield (worn)
 l - a +0 cloak (worn)
 y - the cursed +0 leather armour "Raasier" (worn) {-Cast rPois Regen+}
   (You found it on level 7 of the Dungeon)

   It protects you from poison.
   It prevents spellcasting.
   It increases your rate of regeneration.
   It has a curse placed upon it.
Jewellery
 o - an uncursed ring of ice
 p - a +5 ring of strength (right hand)
 z - an uncursed ring of flight
 F - an uncursed ring of see invisible
 G - a +4 ring of strength (left hand)
Wands
 k - a wand of paralysis (12)
 m - a wand of digging (11)
 v - a wand of enslavement (18)
 D - a wand of disintegration (19)
 E - a wand of acid (7)
Scrolls
 h - 2 scrolls of identify
 j - 4 scrolls of remove curse
 n - 2 scrolls of teleportation
 t - a scroll of amnesia
 u - 2 scrolls of blinking
 w - a scroll of fog
 B - 2 scrolls of magic mapping
Potions
 d - 3 potions of might
 e - 2 potions of curing
 g - a potion of mutation
 i - a potion of flight
 r - a potion of degeneration {unknown}
 s - a potion of ambrosia {unknown}
 x - 3 potions of heal wounds
 A - a potion of lignification
 C - a potion of berserk rage {unknown}
 H - a potion of agility {unknown}
Comestibles
 f - 17 rations


   Skills:
 + Level 4.9 Fighting
 + Level 2.9(5.2) Axes
 + Level 6.7(7.0) Polearms
 + Level 5.5 Armour
 + Level 3.5 Dodging
 + Level 1.0 Stealth
 + Level 6.4 Shields


You had 8 spell levels left.
You didn't know any spells.

Dungeon Overview and Level Annotations

Branches:
Dungeon (8/15)             Temple (1/1) D:7
   Lair: D:8-11

Altars:
Ashenzari
Cheibriados
Dithmenos
Elyvilon
Gozag
Hepliaklqana
Kikubaaqudgha
Nemelex Xobeh
Okawaru
Qazlal
Ru
Sif Muna
Trog
Uskayaw
Vehumet
Wu Jian
Yredelemnul
Zin
The Shining One


Message History

You hit the two-headed ogre but do no damage.
The two-headed ogre is severely wounded.
You hit the two-headed ogre but do no damage.
The two-headed ogre is severely wounded.
The leopard gecko hisses menacingly.
The two-headed ogre closely misses you.
The two-headed ogre hits you with a giant spiked club!!
You hit the two-headed ogre.
The two-headed ogre is severely wounded.
You barely miss the two-headed ogre.
The two-headed ogre is severely wounded.
The two-headed ogre hits you with a giant club!
The two-headed ogre hits you with a giant spiked club.
* * * LOW HITPOINT WARNING * * *
You closely miss the two-headed ogre.
The two-headed ogre is severely wounded.
The two-headed ogre hits you with a giant club!
* * * LOW HITPOINT WARNING * * *
The two-headed ogre hits you with a giant spiked club!!
You die...

###....#.#######.#...####........
+.................(.....+........
###....#.#######.#...####........
# #...##.# #....## ##.......
#..###.# ###.## ##.....# #..# #.#
#.#########...## #..###.#
#....)....##'## #......#
#####.#######.##.# # ##.#####
#lO@.....# #.##.# # # #.#
#.###.##.## #.##.### # #.# #.#
#.....# #.#...## ####.# #.#
#.##..# #......# .....#
#.###.##..# #.#...## ######
#.........###.##.### #
#####.........###### #
#####........... # ############


You could see a two-headed ogre and a leopard gecko.

Vanquished Creatures
  Eustachio (D:6)
  A hungry ghost (D:7)
  An ice beast (D:7)
  A black bear (D:7)
  5 ogres
  A centaur (D:5)
  2 bullfrogs
  2 howler monkeys (D:8)
  A bullfrog zombie (D:5)
  A hound (D:7)
  2 orc priests
  2 bullfrog skeletons
  6 orc wizards
  4 worker ants
  The ghost of Flooderbenga the Grave Robber, a weakling BaNe (D:3)
  A hound skeleton (D:4)
  A worker ant zombie (D:7)
  Robin (D:2)
  4 gnolls (D:3)
  15 adders
  2 oozes (D:3)
  2 worms
  A dart slug (D:3)
  7 leopard geckos
  32 orcs
  4 ball pythons
  6 giant cockroaches
  17 goblins
  18 hobgoblins
  14 jackals
  7 kobolds
  2 quokkas (D:5)
  10 bats
  6 frilled lizards
  4 rats
185 creatures vanquished.

Notes
Turn   | Place    | Note
-------+----------+-------------------------------------------
     0 | D:1      | Kairos the Human Fighter began the quest for the Orb.
     0 | D:1      | Reached XP level 1. HP: 18/18 MP: 1/1
   152 | D:1      | Reached XP level 2. HP: 16/24 MP: 2/2
   493 | D:1      | Reached XP level 3. HP: 28/29 MP: 3/3
   891 | D:2      | Noticed Robin
   899 | D:2      | Reached XP level 4. HP: 10/35 MP: 4/4
  1162 | D:2      | Killed Robin
  1303 | D:2      | Reached skill level 1 in Dodging
  1309 | D:2      | Reached XP level 5. HP: 35/41 MP: 5/5
  1623 | D:2      | You fall through a shaft!
  1795 | D:2      | Found a deep blue altar of Sif Muna.
  1893 | D:2      | Reached skill level 1 in Polearms
  2127 | D:3      | Reached XP level 6. HP: 44/47 MP: 6/6
  2205 | D:3      | HP: 1/47 [gnoll/halberd of chopping (2)]
  2674 | D:3      | Found a basalt altar of Yredelemnul.
  2674 | D:3      | Noticed Flooderbenga's ghost (weakling BaNe)
  2702 | D:3      | Killed Flooderbenga's ghost
  3481 | D:4      | Noticed an ogre
  3494 | D:4      | Killed an ogre
  3494 | D:4      | Reached XP level 7. HP: 43/52 MP: 7/7
  3698 | D:4      | Found an opulent altar of Gozag.
  3699 | D:4      | Found a hide-covered altar of Uskayaw.
  3756 | D:4      | You fall through a shaft for 3 floors!
  4145 | D:7      | Reached XP level 8. HP: 58/60 MP: 8/8
  4209 | D:6      | Found a glowing silver altar of Zin.
  4339 | D:6      | Found a glowing golden altar of the Shining One.
  4391 | D:6      | Reached skill level 5 in Shields
  4412 | D:5      | Entered Level 5 of the Dungeon
  4537 | D:5      | Found a bloodstained altar of Trog.
  4667 | D:5      | Found a white marble altar of Elyvilon.
  4804 | D:5      | Reached skill level 5 in Polearms
  5526 | D:6      | Reached skill level 5 in Armour
  5697 | D:6      | Noticed Eustachio
  5742 | D:6      | Killed Eustachio
  5742 | D:6      | Reached XP level 9. HP: 59/66 MP: 9/9
  5948 | D:7      | Found a staircase to the Ecumenical Temple.
  6095 | D:7      | Reached skill level 1 in Stealth
  6141 | Temple   | Entered the Ecumenical Temple
  6250 | Temple   | Became a worshipper of Warmaster Okawaru
  6492 | D:7      | Got a scorched leather armour
  6503 | D:7      | Identified the cursed +0 leather armour "Raasier" {-Cast rPois Regen+} (You found it on level 7 of the Dungeon)
  6723 | D:8      | Noticed a two-headed ogre
  6802 | D:7      | Mangled by a two-headed ogre

Vault maps used:
D:1:      dpeg_arrival_yet_another_circle, serial_bayou_pond_b
D:2:      led_sif_pool, uniq_robin
D:3:      yredelemnul_altar_generic, guppyfry_early_orc_mine
D:4:      gammafunk_temple_overflow_pools
D:5:      overflow_temple_1_default, old_standard_altar, first_ration,
          st_stairs_12, corexii_checkpoint_a
D:6:      lemuel_crystal_altar, minmay_misc_feat_room, minivault_24, tso_altar,
          uniq_eustachio
D:7:      minmay_temple_entry_glassed_door
D:8:      grunt_temple_overflow_champion_of_chaos
Temple:   hc_temple_tempest_star

Skill      XL: |  1  2  3  4  5  6  7  8  9 |
---------------+----------------------------+-----
Dodging        | 1 2 3 |  3.5
Shields        | 4 5 6 |  6.4
Polearms       | 1 3 4 6 |  6.7
Armour         | 4 5 |  5.5
Fighting       | 4 |  4.9
Stealth        | 1 |  1.0
Axes           | |  2.9

Action                   |  1- 3 |  4- 6 |  7- 9 || total
-------------------------+-------+-------+-------++-------
Melee: War axe           |    77 |    15 |       ||    92
       Spear             |       |   269 |   396 ||   665
  Use: Scroll            |       |    10 |     8 ||    18
 Stab: Sleeping          |       |       |     1 ||     1
  Eat: Ration            |       |     2 |     1 ||     3
       Chunk             |       |     6 |     8 ||    14
Armor: Scale mail        |    60 |    96 |    70 ||   226
       Leather armour    |       |       |     4 ||     4
Dodge: Dodged            |    35 |    88 |    80 ||   203
Block: Shield            |    67 |   128 |   179 ||   374

Table legend:
 A = Spawn XP
 B = Non-spawn XP
 C = Spawn XP percentage of total XP
 D = Spawn monster count
 E = Non-spawn monster count
 F = Spawn count percentage of total count
 G = Total turns spent on level
                    A         B        C        D         E        F      G
               +---------+---------+-------+---------+---------+-------+---------
         Total |       0 |    2879 |   0.0 |       0 |     185 |   0.0 |  6802
               +---------+---------+-------+---------+---------+-------+---------
           D:1 |       0 |      41 |   0.0 |       0 |      23 |   0.0 |  1103
           D:2 |       0 |     191 |   0.0 |       0 |      45 |   0.0 |   816
           D:3 |       0 |     240 |   0.0 |       0 |      44 |   0.0 |  1562
           D:4 |       0 |     248 |   0.0 |       0 |       6 |   0.0 |   323
           D:5 |       0 |     449 |   0.0 |       0 |      23 |   0.0 |   986
           D:6 |       0 |     645 |   0.0 |       0 |      16 |   0.0 |   707
           D:7 |       0 |     953 |   0.0 |       0 |      26 |   0.0 |  1143
           D:8 |       0 |     112 |   0.0 |       0 |       2 |   0.0 |    35
               +---------+---------+-------+---------+---------+-------+---------
